Map: Apotheosis LE

Players

Nickos

  • Race: Terran Terran
  • League: Gold

Tatsuyi - Winner!

  • Race: Terran Terran
  • League: Gold

VOD

Have the link to the VOD?

Description

Time

  • Played on: Oct. 1, 2016, 3:34 a.m.
  • Length: 14:03
Show
View Real Time Build Order
Export as new Build Order

Nickos Terran 

Build Orders: Reaper Expand, MMM Bio 

Get SALT Encoding   

  12  0:01  SCV  
  13  0:13  SCV  
  14  0:19  Supply Depot  
  14  0:25  SCV  
  15  0:40  SCV  
  15  0:41  Barracks  
  16  0:46  Refinery  
  16  0:52  SCV  
  17  1:04  SCV  
  18  1:17  SCV  
  19  1:28  Reaper  
  19  1:30  Orbital Command  
  20  1:44  Command Center  
  20  1:56  Barracks  
  20  2:12  Supply Depot, Barracks Reactor  
  20  2:17  SCV  
  21  2:29  SCV  
  22  2:41  SCV, Factory  
  22  2:42  Refinery  
  23  2:44  Barracks Tech Lab  
  23  2:54  SCV  
  24  3:00  Marine  
  24  3:01  Marine  
  25  3:07  SCV  
  25  3:08  Orbital Command  
  26  3:12  Marine  
  26  3:14  Stimpack  
  26  3:19  SCV  
  28  3:22  Marine x2  
  30  3:31  Starport, SCV  
  30  3:32  Marine  
  32  3:36  Factory Reactor  
  33  3:41  SCV  
  33  3:43  SCV  
  34  3:49  Marine x3  
  37  3:57  Supply Depot  
  37  3:58  SCV  
  37  3:59  Supply Depot, SCV  
  39  4:10  Marine x2, SCV  
  39  4:11  Marine  
  39  4:12  SCV  
  44  4:21  Supply Depot  
  44  4:22  SCV  
  45  4:24  SCV  
  45  4:27  Medivac  
  45  4:28  Medivac  
  45  4:30  Marine x2  
  52  4:32  Marine  
  52  4:34  SCV  
  52  4:36  SCV  
  55  4:43  Supply Depot  
  55  4:46  SCV  
  55  4:48  SCV  
  55  4:51  Engineering Bay x2  
  57  4:54  Marine x2  
  57  4:56  Marine  
  57  4:58  SCV  
  61  5:00  SCV  
  61  5:04  Supply Depot  
  61  5:05  Supply Depot  
  62  5:10  SCV  
  62  5:12  SCV  
  62  5:13  Marine  
  62  5:14  Marine  
  65  5:27  SCV x2  
  67  5:31  Factory Tech Lab  
  67  5:33  Terran Infantry Weapons Level 1  
  67  5:34  Terran Infantry Armor Level 1  
  67  5:39  SCV  
  67  5:40  Liberator x2  
  64  5:56  Marine x2  
  64  5:57  Marine  
  73  6:05  Command Center, SCV  
  73  6:06  SCV  
  73  6:07  Supply Depot  
  73  6:10  Refinery  
  75  6:14  Marine  
  75  6:18  SCV  
  77  6:24  Marine x2  
  79  6:26  Siege Tank  
  79  6:27  SCV  
  79  6:32  SCV, Marine  
  85  6:38  Barracks x2  
  85  6:39  Barracks  
  85  6:41  Barracks  
  85  6:43  SCV  
  85  6:44  Refinery, SCV  
  87  6:52  Marine x2  
  87  6:53  Marine  
  90  6:55  SCV  
  91  7:12  Marine x3  
  94  7:20  Liberator x2  
  94  7:30  Marine x2  
  94  7:36  Marine  
  96  7:47  Marine  
  96  7:48  Marine  
  88  7:53  Marine  
  64  8:05  Marine x2  
  64  8:11  Marine  
  65  8:23  Marine x2  
  66  8:29  Marine  
  66  8:36  Liberator x2  
  66  8:41  Marine x2  
  60  8:47  Marine  
  59  8:59  Command Center, Marine x2  
  61  9:05  Marine  
  61  9:08  SCV  
  63  9:17  Siege Tank  
  63  9:19  Liberator  
  63  9:20  SCV  
  63  9:23  Supply Depot  
  67  9:27  Armory  
  67  9:28  Combat Shields  
  67  9:29  Marine  
  67  9:30  Marine x2  
  70  9:32  SCV  
  70  9:36  Medivac  
  76  9:45  SCV  
  77  9:47  Marine x2  
  77  9:48  Barracks  
  77  9:51  Barracks  
  79  9:53  Barracks  
  79  9:58  Command Center  
  79  10:01  Marine  
  79  10:03  Siege Tank  
  83  10:10  SCV  
  84  10:14  Terran Infantry Weapons Level 2  
  84  10:15  Terran Infantry Armor Level 2  
  84  10:20  Marauder  
  86  10:29  Marine x2  
  86  10:35  Barracks Tech Lab  
  88  10:41  Marauder  
  67  10:54  Marine x2  
  67  10:55  Marine  
  57  11:03  Marauder  
  58  11:12  Marine x2  
  60  11:21  Orbital Command  
  60  11:23  Marine  
  60  11:30  Liberator x2, SCV, Marine x2  
  63  11:35  Barracks x2  
  63  11:36  Barracks  
  63  11:41  Marine  
  63  11:42  SCV  
  63  11:45  Orbital Command  
  65  11:48  Marine x2  
  73  11:54  Siege Tank  
  73  11:58  SCV x2  
  73  11:59  Marine  
  78  12:10  SCV  
  78  12:11  SCV  
  78  12:12  Marine x2  
  78  12:13  Liberator  
  82  12:17  Marine  
  82  12:22  SCV  
  84  12:23  SCV  
  84  12:27  Barracks Tech Lab  
  84  12:28  Barracks Tech Lab  
  85  12:30  Barracks Tech Lab  
  85  12:35  Marauder  
  89  12:45  Marine  
  89  12:46  Marine x3  
  84  12:57  Marauder  
  54  13:37  Marine  
  54  13:38  Marine x3  
  54  13:41  Marine  
Show
View Real Time Build Order
Export as new Build Order

Tatsuyi Terran - Winner!

Build Orders: MMM Bio 

Get SALT Encoding   

  12  0:01  SCV  
  13  0:13  SCV  
  14  0:18  Supply Depot  
  14  0:26  SCV  
  15  0:39  SCV  
  15  0:42  Barracks  
  16  0:48  Refinery  
  16  0:52  SCV  
  17  1:04  SCV  
  18  1:16  SCV  
  19  1:28  Orbital Command  
  19  1:38  Barracks Reactor  
  19  1:58  SCV  
  20  2:05  Command Center  
  19  2:14  Marine x2  
  21  2:18  Factory  
  21  2:25  Supply Depot  
  21  2:29  SCV  
  22  2:31  Marine  
  22  2:36  Refinery  
  23  2:46  Marine  
  23  2:47  Bunker  
  23  3:03  Factory Tech Lab, SCV  
  23  3:05  Starport  
  24  3:06  Marine  
  25  3:15  SCV  
  26  3:20  Orbital Command  
  26  3:27  SCV  
  26  3:28  Marine x2  
  29  3:36  Supply Depot  
  29  3:38  Siege Tank  
  29  3:39  SCV  
  33  3:47  Barracks  
  33  3:49  SCV  
  34  3:56  Medivac  
  34  3:57  SCV  
  34  4:02  SCV  
  38  4:05  Marine x2  
  40  4:17  SCV x2  
  42  4:27  Engineering Bay  
  42  4:30  Siege Tank  
  45  4:31  Barracks  
  45  4:32  SCV x2  
  45  4:37  Refinery  
  47  4:40  Refinery  
  47  4:44  SCV x2  
  47  4:45  Marine  
  50  4:46  Marine  
  50  4:49  Barracks Tech Lab  
  51  4:54  Engineering Bay  
  51  5:03  Marine  
  51  5:05  Medivac  
  54  5:19  Stimpack  
  54  5:24  Barracks Reactor  
  54  5:30  Supply Depot  
  54  5:31  Supply Depot  
  54  5:46  Marine  
  54  5:47  SCV  
  54  5:48  Marine  
  54  5:50  SCV, Marine  
  49  5:59  Terran Infantry Weapons Level 1, SCV  
  49  6:00  Terran Infantry Armor Level 1  
  49  6:02  SCV  
  49  6:03  Siege Tank  
  49  6:04  Marine  
  54  6:05  Marine x3  
  54  6:10  Supply Depot x2  
  58  6:11  SCV  
  59  6:20  Starport Reactor, Factory  
  59  6:22  Marine x3  
  59  6:23  Marine  
  63  6:25  SCV  
  63  6:26  SCV  
  63  6:32  Marine  
  65  6:35  Siege Tank  
  69  6:40  Marine  
  69  6:41  Marine x3  
  69  6:44  SCV x2  
  75  6:50  Armory  
  75  6:52  Marine  
  76  6:56  SCV  
  76  6:57  Marine, SCV  
  76  6:59  Marine  
  76  7:00  Marine  
  81  7:02  Marine  
  83  7:08  SCV  
  83  7:09  Factory Tech Lab, Marine  
  83  7:14  Supply Depot  
  84  7:15  Marine  
  84  7:20  Combat Shields  
  85  7:23  Missile Turret  
  85  7:29  Marine x4  
  83  7:35  Marine  
  69  7:46  Marine  
  69  7:47  Marine  
  63  8:01  Marine  
  63  8:02  Marine x2  
  63  8:03  SCV x2  
  63  8:04  Marine  
  69  8:14  Marine  
  69  8:15  SCV x2  
  69  8:19  Marine x3  
  73  8:22  Marine  
  76  8:27  SCV x2  
  76  8:31  Marine  
  76  8:37  Marine x3  
  76  8:39  SCV x2  
  77  8:51  SCV  
  77  8:52  Marine x2, SCV  
  77  8:55  Marine x3  
  83  9:02  Terran Infantry Weapons Level 2, Terran Infantry Armor Level 2  
  84  9:03  SCV  
  84  9:05  Command Center  
  85  9:10  SCV  
  85  9:15  SCV  
  87  9:19  Marine x3  
  87  9:20  Marine x2  
  87  9:22  SCV  
  93  9:27  SCV  
  93  9:29  Concussive Shells  
  93  9:30  Missile Turret  
  94  9:31  Terran Vehicle Weapons Level 1  
  94  9:59  Supply Depot  
  94  10:16  Medivac x2, SCV x2, Siege Tank, Marine x5  
  94  10:18  Supply Depot  
  94  10:20  Supply Depot  
  108  10:22  Supply Depot  
  108  10:24  Orbital Command  
  107  10:34  Marine x5, SCV x2  
  108  10:46  SCV  
  106  10:52  Marine  
  93  11:02  Siege Tank x2  
  87  11:06  Medivac  
  87  11:08  SCV  
  87  11:20  Marine x5  
  87  11:25  SCV  
  84  11:26  SCV  
  81  11:34  Siege Tank x2  
  81  11:37  Marine x2  
  81  11:38  Marine x3  
  92  11:48  Refinery  
  92  11:49  Refinery  
  92  11:55  Marine x3  
  92  11:59  Command Center  
  95  12:03  Barracks  
  95  12:04  Marine x2  
  95  12:05  Barracks  
  97  12:10  Siege Tank x2  
  97  12:13  Marine x3  
  106  12:22  Marine  
  104  12:45  Siege Tank, Marine x2  
  104  12:46  Siege Tank  
  112  13:18  Siege Tank  
  107  13:29  Marine  
  107  13:30  Marine x4  
Tags
 
Composition
MMM BioMMM Bio
League
GoldGold
Matchup
TvT
Race
Terran
Replay Pack
Nickos replay
Add a new tag
Caveats
  • Supply blocks, unpowered buildings, or Contaminate may cause inaccurate times.
  • Supply counts are checked every 10 seconds.